 Dungeon Crawl Stone Soup version 0.28-a0-1339-ga5422284a4 (webtiles) character file.

Game seed: 8359788047915056857

32 rocketpapaya the Shield-Bearer (level 3, -3/23 HPs)
             Began as a Gargoyle Fighter on Dec 29, 2021.
             Slain by a phantom (8 damage)
             ... on level 2 of the Dungeon.
             The game lasted 00:01:50 (1045 turns).

rocketpapaya the Shield-Bearer (Gargoyle Fighter)   Turns: 1045, Time: 00:01:51

Health: -3/23      AC: 12    Str: 27    XL:     3   Next: 25%
Magic:  3/3        EV:  9    Int:  8    God:
Gold:   52         SH:  4    Dex:  9    Spells: 2/2 levels left

rFire   . . .      SeeInvis .   a - +0 war axe
rCold   . . .      Faith    .   c - +0 buckler
rNeg    + . .      Spirit   .   b - +0 scale mail
rPois   ∞          Reflect  .   j - +0 helmet
rElec   +          Harm     .   (no cloak)
rCorr   .          Rampage  .   (no gloves)
Will    .....                   k - +0 pair of boots
Stlth   ..........              (no amulet)
HPRegen 0.07/turn               e - +6 ring of strength
MPRegen 0.08/turn               (no ring)

@: mighty
A: sickness immunity, AC +3, negative energy resistance 1, electricity
resistance, torment resistance 1, petrification resistance
a: no special abilities


You were on level 2 of the Dungeon.
You visited 1 branch of the dungeon, and saw 2 of its levels.

You collected 80 gold pieces.
You spent 28 gold pieces at shops.

Inventory:

Hand Weapons
 a - a +0 war axe (weapon)
Armour
 b - a +0 scale mail (worn)
 c - a +0 buckler (worn)
 j - a +0 helmet (worn)
 k - a +0 pair of boots (worn)
Jewellery
 e - a +6 ring of strength (left hand)
 g - a ring of fire
 h - an amulet of magic regeneration
Scrolls
 f - 3 scrolls of identify
 l - a scroll of fear {unknown}
Potions
 i - a potion of curing {unknown}


   Skills:
 - Level 3.2 Fighting
 * Level 3.2 Axes
 - Level 3.2 Armour
 - Level 3.2 Shields


You had 2 spell levels left.
You didn't know any spells.
Your spell library was empty.

Dungeon Overview and Level Annotations

Branches:
Dungeon (2/15)

Altars:

Shops:
D:1 ?[??


Innate Abilities, Weirdness & Mutations

You are immune to sickness and miasma.
Your stone body is resilient. (AC +3)
You are immune to poison.
You resist negative energy. (rN+)
You are resistant to electric shocks. (rElec)
You are resistant to unholy torment.
You are immune to petrification.


Message History

The bat hits you but does no damage. The phantom closely misses you.
You closely miss the phantom.
The phantom is moderately damaged.
You closely miss the bat. You block the bat's attack. The phantom hits you.
The phantom blinks!
You blink.
Found a scroll of identify.
You barely miss the phantom.
The phantom is moderately damaged.
The bat hits you but does no damage. The phantom hits you.
The phantom blinks!
You blink.
The phantom barely misses you.
You feel very mighty all of a sudden. The phantom closely misses you.
You are too injured to fight recklessly!
You are too injured to fight recklessly!
You barely miss the phantom.
The phantom is lightly damaged.
The phantom hits you but does no damage.
You miss the phantom.
The phantom is lightly damaged.
The phantom hits you but does no damage.
You closely miss the phantom.
The phantom is lightly damaged.
The phantom hits you.
* * * LOW HITPOINT WARNING * * *
The phantom hits you but does no damage.
You closely miss the phantom.
The phantom is lightly damaged.
The phantom hits you but does no damage.
You barely miss the phantom.
The phantom is lightly damaged.
The phantom hits you but does no damage.
You slash the phantom!
The phantom is moderately damaged.
The phantom hits you but does no damage. x2
You barely miss the phantom.
The phantom is moderately damaged.
The phantom hits you but does no damage.
You barely miss the phantom.
The phantom is moderately damaged.
The phantom hits you!
You die...

## . #. ### .#
..# . #.##.#.#.#.
##. #@##.#.#...
..##W......>. #
#>b##....#..
#.###..##.#..#.##
#$.§.##.........#
#..#?##.#.####..#
#?.#...#<.#.....#
#..
####.....#.###
... #.##..#...#


You could see a phantom and a bat.

Vanquished Creatures
  A worm (D:2)
  3 endoplasms
  2 giant cockroaches
  4 goblins (D:1)
  3 hobgoblins (D:1)
  A jackal (D:1)
  2 kobolds (D:1)
  A quokka (D:1)
  3 ball pythons
  4 bats (D:1)
  A frilled lizard (D:1)
  2 rats (D:1)
27 creatures vanquished.

Notes
Turn   | Place    | Note
-------+----------+-------------------------------------------
     0 | D:1      | rocketpapaya the Gargoyle Fighter began the quest for the
                  | Orb.
     0 | D:1      | Reached XP level 1. HP: 14/14 MP: 1/1
    35 | D:1      | Reached XP level 2. HP: 18/19 MP: 2/2
   145 | D:1      | Found Nifem's Antique Armour Boutique.
   335 | D:1      | Found Gouriuk's Magic Scroll Emporium.
   343 | D:1      | Bought a scroll of identify for 28 gold pieces
   351 | D:1      | Found Yssari's Magic Scroll Boutique.
   589 | D:1      | Reached XP level 3. HP: 16/23 MP: 3/3
   784 | D:1      | Found Woskay's Magic Scroll Shoppe.
  1020 | D:2      | Noticed a phantom
  1045 | D:2      | Slain by a phantom

Illustrated notes

Levels and vault maps discovered:
D:1:      lightli_arrival_flooded_house, layout_loops_ring, serial_shops, shop,
          shop, shop, shop, grunt_decor_one_mirror, minmay_hexomino_u4
D:2:      layout_basic, hellmonk_ecumenical_altar_dog_temple, st_stairs_7,
          uniq_crazy_yiuf_cottage, uniq_robin

Skill      XL: |  1  2 |
---------------+-------+-----
Axes           | 2 3 |  3.2
Fighting       | |  3.2
Armour         | |  3.2
Shields        | |  3.2

Action                   || total
-------------------------++-------
Melee: War axe           ||    91
  Use: Potion            ||     1
Armor: Scale mail        ||    68
Dodge: Dodged            ||    46
Block: Buckler           ||    19

Table legend: (Time is in decaauts)
 A = Elapsed time spent in this place.
 B = Non-inter-level travel time spent in this place.
 C = Inter-level travel time spent in this place.
 D = Time resting spent in this place.
 E = Time spent auto-exploring this place.
 F = Levels seen in this place.
 G = Mean time per level.
                   A        B        C        D        E       F      G
               +--------+--------+--------+--------+--------+-----+--------+
         Total |   1078 |   1048 |     30 |      0 |    820 |   2 |  539.0 |
       Dungeon |   1078 |   1048 |     30 |      0 |    820 |   2 |  539.0 |
               +--------+--------+--------+--------+--------+-----+--------+

Top non-repeatable levels by time:
     D:1: 974 daAuts
     D:2: 104 daAuts
